 Dungeon Crawl Stone Soup version 0.25-a0-424-g80bd347ae0 (webtiles) character file.

Game seed: 10304977353838059052, levelgen mode: deterministic

4986 Aggronaut the Unseen (level 10, -16/44 HPs)
             Began as a Spriggan Enchanter on Jan 23, 2020.
             Was a Believer of Ashenzari.
             Demolished by an orc knight
             ... wielding a +0 halberd
              (21 damage)
             ... in a bailey.
             The game lasted 00:25:51 (8981 turns).

Aggronaut the Unseen (Spriggan Enchanter)           Turns: 8981, Time: 00:25:52

Health: -16/44     AC:  3    Str:  4    XL:     10   Next: 29%
Magic:  15/23      EV: 21    Int: 17    God:    Ashenzari [**....]
Gold:   364        SH:  0    Dex: 20    Spells: 17/26 levels left

rFire    + . .     SeeInvis +   f - +2 dagger (venom) (curse)
rCold    + . .     Gourm    .   (shield restricted)
rNeg     . . .     Faith    .   D - +0 robe {rC+ rF+}
rPois    .         Spirit   .   (helmet restricted)
rElec    .         Reflect  .   (no cloak)
rCorr    .         Harm     .   (gloves unavailable)
MR       +....                  (boots unavailable)
Stlth    ++++++....             A - amulet of regeneration
HPRegen  0.54/turn              K - +3 ring of evasion
MPRegen  0.18/turn              v - +1 ring of protection

@: very slightly contaminated, very quick
A: very small, unfitting armour, see invisible, herbivore, speed 3, slow
metabolism 2
a: Curse Item, Scrying, Renounce Religion


You were in a bailey.
You worshipped Ashenzari.
Ashenzari was pleased with you.
You were hungry.

You visited 2 branches of the dungeon, and saw 9 of its levels.
You also visited: Bailey.

You collected 670 gold pieces.
You spent 306 gold pieces at shops.

Inventory:

Hand Weapons
 f - a cursed +2 dagger of venom (weapon)
 s - a +2 short sword of electrocution
 u - a +2 rapier of flaming
Missiles
 k - 21 poisoned darts (quivered)
Armour
 b - a +0 robe
 D - a +0 robe of resistance (worn)
Jewellery
 i - an uncursed ring of protection from fire
 n - an uncursed amulet of guardian spirit
 v - a +1 ring of protection (right hand)
 y - an uncursed ring of resist corrosion
 A - an amulet of regeneration (around neck)
 K - a +3 ring of evasion (left hand)
Wands
 E - a wand of flame (16)
 J - a wand of polymorph (4)
Scrolls
 a - 2 scrolls of immolation
 c - 3 scrolls of enchant weapon
 e - a scroll of blinking {unknown}
 h - 2 scrolls of teleportation
 j - 3 scrolls of amnesia {unknown}
 m - 6 scrolls of enchant armour
 p - 4 scrolls of remove curse
 w - a scroll of magic mapping {unknown}
 z - a scroll of vulnerability {unknown}
 C - a scroll of fear
 H - a scroll of torment {unknown}
 M - a scroll of acquirement {unknown}
Potions
 g - a potion of flight
 l - 7 potions of heal wounds
 o - 2 potions of agility {unknown}
 q - 5 potions of curing
 r - 3 potions of mutation
 t - 3 potions of haste
 x - 2 potions of lignification {unknown}
 B - 2 potions of brilliance
 G - a potion of cancellation
 I - 2 potions of might {unknown}
 L - a potion of berserk rage {unknown}
Comestibles
 d - 9 rations


   Skills:
 - Level 7.8(10.1) Short Blades
 - Level 3.0 Dodging
 + Level 15.0 Stealth
 - Level 8.8 Spellcasting
 - Level 8.0 Hexes


You had 17 spell levels left.
You knew the following spells:

 Your Spells              Type           Power        Failure   Level  Hunger
a - Corona                Hex            ####...      1%          1    None
b - Ensorcelled Hibernat  Hex/Ice        ###...       2%          2    None
c - Confusing Touch       Hex            ####....     1%          3    None
d - Dazzling Flash        Conj/Hex       ###...       5%          3    None

Your spell library contained the following spells:

 Spells                   Type           Power        Failure   Level  Hunger
 Slow                     Hex            ####....     1%          2    None
 Tukima's Dance           Hex            ####....     1%          3    None
 Animate Skeleton         Necr           N/A          10%         1    None
 Beastly Appendage        Tmut           #.....       10%         1    None
 Magic Dart               Conj           #...         10%         1    None
 Pain                     Necr           #...         10%         1    None
 Blink                    Tloc           N/A          14%         2    None
 Call Imp                 Summ           #.......     14%         2    None
 Conjure Flame            Conj/Fire      #.......     28%         3    None
 Mephitic Cloud           Conj/Pois/Air  #.......     28%         3    None
 Vampiric Draining        Necr           #.........   28%         3    None
 Animate Dead             Necr           N/A          67%         4    ###....
 Agony                    Necr           #.......     95%         5    #####..


Dungeon Overview and Level Annotations

Branches:
Dungeon (8/15)             Temple (1/1) D:5          Bailey (1/1)
   Lair: D:8-11

Altars:
Ashenzari
Dithmenos
Elyvilon
Fedhas
Gozag
Hepliaklqana
Kikubaaqudgha
Makhleb
Nemelex Xobeh
Okawaru
Qazlal
Ru
Sif Muna
Uskayaw
Vehumet
Wu Jian
Yredelemnul
The Shining One

Shops:
D:4 (   D:5 *   D:6 [


Innate Abilities, Weirdness & Mutations

You are very small and have problems with some larger weapons.
You are too small for most types of armour.
You have supernaturally acute eyesight. (SInv)
You are a herbivore.
You cover ground extremely quickly.
You need to consume almost no food.


Message History

The orc is moderately wounded.
The orc is no longer blind.
The orc knight closely misses you. The orc warrior completely misses you.
You closely miss the orc warrior.
The orc warrior shouts!
The orc completely misses you. The orc warrior barely misses you.
There is an open gate here.
The orc knight completely misses you.
The orc knight hits you from afar with a +0 halberd!!
The orc completely misses you.
Casting: Dazzling Flash (safe; 5% risk of failure)
Confirm with . or Enter, or press ? or * to list all spells.
The orc knight is dazzled.
The orc warrior is dazzled. x2
The orc warrior closely misses you.
The orc warrior hits you with a +0 spear!
* * * LOW HITPOINT WARNING * * *
The orc knight closely misses you.
The orc knight hits you from afar with a +0 halberd!!
You die...

##.....##
#'''''#
##.....##
#.......#
#.......#
#.......#
#..oo...#
#..ooo..#
##..@..##
##'''##
#.....#
#.....#
#.....#
#.....#
#..)..#
##'''##
##.....##


You could see 2 orc knights, 2 orc warriors and an orc.

Vanquished Creatures
  Harold (D:7)
  The ghost of scorp85 the Grappler, a novice TrMo (D:6)
  An orc knight (Bailey)
  Joseph (D:7)
  Sigmund (D:2)
  Eustachio (D:4)
  Menkaure (D:7)
  A water moccasin (D:7)
  2 ice beasts
  6 orc warriors (Bailey)
  A black bear (D:6)
  4 ogres
  A centaur (D:6)
  6 bullfrogs
  2 scorpions
  A howler monkey (D:5)
  2 crimson imps (D:6)
  A bullfrog zombie (D:5)
  A centaur zombie (D:8)
  2 hounds (D:4)
  A jelly (D:5)
  6 orc wizards
  An iguana (D:6)
  A worker ant (D:5)
  A worker ant zombie (D:4)
  A howler monkey zombie (D:6)
  Robin (D:2)
  4 gnolls (D:5)
  5 adders
  3 oozes
  2 worms
  2 dart slugs (D:2)
  3 leopard geckos
  48 orcs
  6 bats
  3 giant cockroaches
  20 goblins
  6 hobgoblins
  5 jackals
  3 quokkas
  4 frilled lizards
  6 kobolds
  A leopard gecko skeleton (D:5)
  A quokka zombie (D:5)
  5 rats
176 creatures vanquished.

Notes
Turn   | Place    | Note
-------+----------+-------------------------------------------
     0 | D:1      | Aggronaut the Spriggan Enchanter began the quest for the
                  | Orb.
     0 | D:1      | Reached XP level 1. HP: 9/9 MP: 5/5
   679 | D:1      | Reached XP level 2. HP: 13/13 MP: 6/6
  1142 | D:2      | Noticed Robin
  1590 | D:2      | Reached skill level 5 in Stealth
  1590 | D:2      | Reached XP level 3. HP: 16/16 MP: 8/8
  1606 | D:2      | Found an opulent altar of Gozag.
  1616 | D:2      | Noticed Sigmund
  1637 | D:2      | Learned a level 2 spell: Ensorcelled Hibernation
  2162 | D:2      | Found a shattered altar of Ashenzari.
  2315 | D:2      | Became a worshipper of Ashenzari the Shackled
  2350 | D:2      | Reached XP level 4. HP: 16/21 MP: 9/9
  2469 | D:2      | Reached skill level 5 in Hexes
  3063 | D:2      | Killed Robin
  3104 | D:2      | Learned a level 3 spell: Confusing Touch
  3109 | D:2      | Killed Sigmund
  3109 | D:2      | Reached skill level 6 in Stealth
  3109 | D:2      | Reached XP level 5. HP: 24/24 MP: 6/10
  3159 | D:2      | Found a glowing golden altar of the Shining One.
  3340 | D:3      | Reached XP level 6. HP: 28/28 MP: 11/11
  3611 | D:3      | Found a hazy altar of Hepliaklqana.
  3819 | D:4      | Learned a level 3 spell: Dazzling Flash
  3833 | D:4      | Found Dauguth's Weapon Boutique.
  4206 | D:4      | Reached skill level 7 in Stealth
  4589 | D:4      | Reached XP level 7. HP: 29/32 MP: 12/12
  4873 | D:4      | Noticed Eustachio
  4880 | D:4      | Killed Eustachio
  4943 | D:5      | Entered Level 5 of the Dungeon
  5072 | D:5      | Found a staircase to the Ecumenical Temple.
  5081 | Temple   | Entered the Ecumenical Temple
  5219 | D:5      | Found an iron altar of Okawaru.
  5224 | D:5      | Reached skill level 8 in Stealth
  5239 | D:5      | Reached skill level 5 in Short Blades
  5516 | D:5      | Found Ukoocig's Assorted Antiques.
  5521 | D:5      | Bought a scroll labeled OXEIL JIRITRUO for 30 gold pieces
  5521 | D:5      | Bought a lumpy bone amulet for 150 gold pieces
  5521 | D:5      | Bought a scroll labeled KYWKUO GION for 30 gold pieces
  5539 | D:5      | Reached * piety under Ashenzari
  5789 | D:6      | Reached XP level 8. HP: 36/36 MP: 12/14
  5897 | D:6      | Found Cutrumec's Antique Armour Shoppe.
  5915 | D:6      | Reached skill level 9 in Stealth
  6223 | D:6      | Reached skill level 5 in Spellcasting
  6379 | D:6      | Bought a glowing robe for 96 gold pieces
  6442 | D:6      | Found a runed translucent door.
  6445 | D:6      | Noticed scorp85's ghost (novice TrMo)
  6763 | D:6      | Killed scorp85's ghost
  6763 | D:6      | Reached skill level 10 in Stealth
  6763 | D:6      | Reached XP level 9. HP: 19/39 MP: 17/21
  6906 | D:7      | Noticed Harold
  6992 | D:7      | Killed Harold
  6992 | D:7      | Reached skill level 11 in Stealth
  7047 | D:7      | Noticed Joseph
  7385 | D:7      | Reached ** piety under Ashenzari
  7493 | D:7      | Killed Joseph
  7493 | D:7      | Reached skill level 12 in Stealth
  7535 | D:7      | Noticed Menkaure
  7549 | D:7      | Killed Menkaure
  7573 | D:7      | Reached skill level 13 in Stealth
  7604 | D:7      | Found a blossoming altar of Fedhas.
  7936 | D:7      | Reached XP level 10. HP: 35/44 MP: 14/23
  8157 | D:8      | Found an ancient bone altar of Kikubaaqudgha.
  8163 | D:8      | Found a shimmering blue altar of Sif Muna.
  8165 | D:8      | Found a radiant altar of Vehumet.
  8169 | D:8      | Identified Sif Muna's Almanac of Transmigration
  8282 | D:8      | Found a flagged portal.
  8304 | Bailey   | Entered a bailey
  8626 | Bailey   | Reached skill level 14 in Stealth
  8754 | Bailey   | Noticed an orc knight
  8835 | Bailey   | Killed an orc knight
  8839 | Bailey   | Reached skill level 15 in Stealth
  8944 | Bailey   | Noticed an orc knight
  8951 | Bailey   | Noticed an orc knight
  8981 | Bailey   | Demolished by an orc knight

Levels and vault maps discovered:
D:1:      dpeg_arrival_prison, layout_loops_ring
D:2:      layout_rooms, nicolae_overflow_hidden_temple, lemuel_crystal_altar,
          nicolae_overflow_crystal_walls, uniq_sigmund, uniq_robin
D:3:      layout_rooms, overflow_temple_1_default, first_ration,
          minmay_crystal_room, kennysheep_generic_room_14
D:4:      layout_rooms, serial_shops, shop_statue, hex_tiny, hex_intersection,
          supply_closet_lemuel, uniq_eustachio
D:5:      layout_basic, okawaru_metal_pillars_3, temple_hall, serial_shops,
          kennysheep_little_box
D:6:      layout_basic, ebering_ghost_reflecting_pool, serial_shops,
          nicolae_shop_waterfront, lemuel_flamethrower_1
D:7:      layout_basic, lemuel_coloured_pillars_altar, uniq_menkaure,
          uniq_joseph, uniq_harold
D:8:      layout_gridville, grunt_temple_overflow_magic_moments,
          overflow_temple_1_default, enter_bailey_3
Temple:   jpeg_temple_island
Bailey:   bailey_polearm_5, bailey

Skill      XL: |  1  2  3  4  5  6  7  8  9 10 |
---------------+-------------------------------+-----
Hexes          | 4 6 7 8 |  8.0
Stealth        | 5 6 7 8 10 13 15 | 15.0
Short Blades   | 2 3 4 5 6 7 |  7.8
Spellcasting   | 3 7 8 |  8.8
Dodging        | |  3.0

Action                   |  1- 3 |  4- 6 |  7- 9 | 10-12 || total
-------------------------+-------+-------+-------+-------++-------
Melee: Dagger            |   105 |   145 |   159 |   107 ||   516
Throw: Dart              |       |     7 |       |     5 ||    12
 Cast: Ensorcelled Hiber |       |     4 |    18 |     2 ||    24
       Confusing Touch   |       |       |     5 |       ||     5
       Dazzling Flash    |       |       |       |    17 ||    17
Invok: Curse Item        |     1 |       |       |       ||     1
Evoke: Wand              |       |       |     6 |     4 ||    10
  Use: Scroll            |     2 |     4 |     4 |     3 ||    13
       Potion            |       |       |       |     1 ||     1
 Stab: Sleeping          |     8 |    14 |    28 |     2 ||    52
       Distracted        |     1 |       |     1 |     1 ||     3
       Confused          |       |       |     4 |       ||     4
       Invisible         |       |       |       |    18 ||    18
  Eat: Ration            |       |       |     2 |     1 ||     3
Armor: Robe              |    16 |     8 |     2 |     3 ||    29
Dodge: Dodged            |    81 |    92 |    75 |   178 ||   426

Table legend:
 A = Non-vault XP
 B = Vault XP
 C = Vault XP percentage of total XP
 D = Non-vault monster count
 E = Vault monster count
 F = Vault count percentage of total count
                 A         B        C        D         E       F
            +---------+---------+-------+---------+---------+-------
      Total |    2851 |    4273 |  60.0 |     119 |      57 |  32.4
            +---------+---------+-------+---------+---------+-------
        D:1 |      32 |       9 |  22.0 |      15 |       5 |  25.0
        D:2 |      74 |     253 |  77.4 |      23 |       8 |  25.8
        D:3 |      42 |       2 |   4.5 |      15 |       1 |   6.2
        D:4 |     341 |     182 |  34.8 |      21 |       1 |   4.5
        D:5 |     377 |       0 |   0.0 |      11 |       0 |   0.0
        D:6 |    1121 |     715 |  38.9 |      17 |       1 |   5.6
        D:7 |     812 |    1598 |  66.3 |      14 |       3 |  17.6
        D:8 |      52 |       4 |   7.1 |       3 |       3 |  50.0
     Bailey |       0 |    1510 | 100.0 |       0 |      35 | 100.0
            +---------+---------+-------+---------+---------+-------
